 Dungeon Sprint DCSS version 0.18-a0-1788-g92de1ac (webtiles) character file.

0 Moloch the Shield-Bearer (level 1, -8/20 HPs)
             Began as a Deep Dwarf Fighter on Apr 19, 2016.
             Was an Initiate of Makhleb.
             Mangled by a two-headed ogre
             ... wielding a +0 giant club
              (17 damage)
             ... in the Dungeon (Sprint V: "Ziggurat Sprint").
             The game lasted 00:01:49 (84 turns).

Moloch the Shield-Bearer (Deep Dwarf Fighter)         Turns: 84, Time: 00:01:50

Health: -8/20      AC: 18    Str: 34    XL:     1   Next: 0%
Magic:  1/1        EV: -1    Int:  8    God:    Makhleb [......]
Gold:   0          SH: 28    Dex: 12    Spells: 0 memorised, 0 levels left

rFire  + . .     SeeInvis +     F - +14 obsidian axe {chop, +Fly Str+3 SInv *Curse} (curse)
rCold  + . .     Gourm    .     m - +5 gold dragon armour
rNeg   + . .     Faith    .     G - +18 shield of the gong {rElec rN+ MR+ EV-5}
rPois  +         Spirit   .     (no helmet)
rElec  +         Dismiss  .     (no cloak)
rCorr  .         Reflect  .     (no gloves)
SustAt .         Harm     .     (no boots)
MR     +....     NoTele   +     (no amulet)
Stlth  ..........               K - +6 ring of strength
                                J - +6 ring of strength

@: mesmerised, non-regenerating, somewhat resistant to hostile enchantments,
extremely unstealthy
A: damage resistance, recharge devices, sense surroundings 1, slow regeneration
3
a: Device Recharging, Renounce Religion, Evoke Flight


You were in the Dungeon.
You worshipped Makhleb.
Makhleb was noncommittal.
You were not hungry.

You visited 1 branch

Inventory:

Hand Weapons
 a - a +0 war axe
 F - the cursed +14 obsidian axe (weapon) {chop, +Fly Str+3 SInv *Curse}
   (You found it in the Dungeon)

   It inflicts extra damage upon your enemies.
   It affects your strength (+3).
   It lets you see invisible.
   It lets you fly.
   It may re-curse itself when equipped.
   It has a curse placed upon it.
Armour
 m - a +5 gold dragon armour (worn)
 G - the +18 shield of the gong (worn) {rElec rN+ MR+ EV-5}
   (You found it in the Dungeon)

   It affects your evasion (-5).
   It insulates you from electricity.
   It protects you from negative energy.
   It affects your resistance to hostile enchantments.
Jewellery
 J - a +6 ring of strength (left hand)
 K - a +6 ring of strength (right hand)
Wands
 e - a wand of heal wounds (5/9)
 B - a wand of disintegration (6/24)
 C - a wand of iceblast (5/15)
 D - a wand of lightning (5/15)
 E - a wand of acid (5/15)
Scrolls
 l - 4 scrolls of blinking
 s - 4 scrolls of amnesia
 t - 3 scrolls of recharging
 u - 7 scrolls of fog
 v - a scroll of holy word
 w - 5 scrolls of identify
 x - 5 scrolls of remove curse
 y - 2 scrolls of fear
Potions
 d - 6 potions of might
 g - 10 potions of curing
 h - 10 potions of heal wounds
 i - 6 potions of haste
 j - 7 potions of magic
 k - 3 potions of berserk rage
 n - 2 potions of brilliance
 o - 2 potions of invisibility
 p - 4 potions of resistance
 q - a potion of experience
 r - 5 potions of agility
Comestibles
 f - 5 bread rations
 z - 42 fruits
 A - 4 meat rations


   Skills:
 - Level 2.6 Fighting
 + Level 2.1 Axes
 - Level 3.2 Armour
 - Level 3.2 Shields


You couldn't memorise any spells.
You didn't know any spells.

Dungeon Overview and Level Annotations

Branches:
Dungeon (1/1)

Altars:
Ashenzari
Cheibriados
Dithmenos
Elyvilon
Fedhas
Gozag
Kikubaaqudgha
Makhleb
Nemelex Xobeh
Okawaru
Pakellas
Qazlal
Ru
Sif Muna
Trog
Vehumet
Xom
Yredelemnul
Zin
The Shining One
Beogh
Jiyva
Lugonu


Innate Abilities, Weirdness & Mutations

You are resistant to damage.
You can recharge devices by infusing magical energy.
You passively map a small area around you.
You do not regenerate naturally.


Message History

You block the two-headed ogre's attack.
GONNNNG!
You block the two-headed ogre's attack.
PTOANNNG!
The two-headed ogre hits you with a giant club!
Ouch! That really hurt!
You block the two-headed ogre's attack.
GONNNNG!
Unknown command.
Unknown command.
You slash the two-headed ogre!
The two-headed ogre is severely wounded.
You slash the two-headed ogre!
The two-headed ogre is almost dead.
Visions of slaying the two-headed ogre flood into your mind.
You block the two-headed ogre's attack.
PTOANNNG!
The two-headed ogre hits you with a giant club!!
Ouch! That really hurt!
You die...

*
▓▓▓▓▓▓▓
,▓.8©8.▓
,
▓.....▓
,
▓.}.:.▓
*
▓.....▓
,*
,▓.OO..▓
, ,
▓..@..▓
,
,▓▓▓▓▓▓▓
** * , ©
* , , ,
* , ,,,
, ,, , ,
,


You could see 2 two-headed ogres.

Vanquished Creatures (others)
  2 spatial maelstroms (D)
2 creatures vanquished.

Notes
Turn   | Place    | Note
--------------------------------------------------------------
     0 | D        | Moloch the Deep Dwarf Fighter began the quest for the Orb.
     0 | D        | Reached XP level 1. HP: 20/20 MP: 1/1
     4 | D        | Banished a spatial maelstrom
    13 | D        | Found an iron altar of Okawaru.
    13 | D        | Found a radiant altar of Vehumet.
    13 | D        | Found a shimmering altar of Xom.
    13 | D        | Found a burning altar of Makhleb.
    13 | D        | Found a deep blue altar of Sif Muna.
    13 | D        | Banished a spatial maelstrom
    18 | D        | Found a bloodstained altar of Trog.
    19 | D        | Found a roughly hewn altar of Beogh.
    19 | D        | Found a viscous altar of Jiyva.
    19 | D        | Found a corrupted altar of Lugonu.
    19 | D        | Found a white marble altar of Elyvilon.
    19 | D        | Found a sparkling altar of Nemelex Xobeh.
    61 | D        | Became a worshipper of Makhleb the Destroyer
    81 | D        | Entered arena 1.
    81 | D        | Noticed a two-headed ogre
    81 | D        | Noticed a two-headed ogre
    84 | D        | Mangled by a two-headed ogre

Vault maps used:
D:        sprint_v

Action                   || total
-------------------------++-------
Melee: Broad axe         ||     2
Evoke: Wand              ||     1
Block: Shield            ||     4
